AoeStats
← 89sokol89

Arabia

509532131Analyzed
1v1 RM · 6d ago on Sep 27, 2026· 43m 4s· 2 players
Game mode
Random Map
Map size
Tiny (2 player)
Population
200
Speed
Normal
Resources
Standard
Victory
Conquest
Starting age
Dark Age
Ending age
Imperial Age
RankedLock teamsTeams togetherTeam positionsShared explorationLock speedFull tech treeHidden civsTurbo modeCheats
Victory
Defeat
🇷🇺 Varangians · Russia
1225
+18
🇹🇼 Huns · Taiwan
1279
-18
89sokol89
10:48 Feudal Age
11:42 Double-Bit Axe
12:08 Loom
12:59 Wheelbarrow
13:42 Horse Collar
15:18 Bloodlines
19:57 Forging
19:44 Gold Mining
21:43 Scale Barding Armor
25:28 Castle Age
24:23 Town Watch
25:31 Light Cavalry
26:11 Husbandry
27:15 Iron Casting
28:58 Chain Barding Armor
34:29 Bow Saw
35:26 Heavy Plow
36:54 Fletching
中山路59號
6:33 Loom
8:52 Feudal Age
9:32 Double-Bit Axe
14:15 Horse Collar
15:28 Fletching
22:07 Castle Age
22:55 Padded Archer Armor
26:15 Pikeman
37:49 Bodkin Arrow
38:47 Husbandry
41:46 Heavy Plow
41:56 Bow Saw
Connection lost

Rejoining the realm…

Still unreachable

The connection could not be restored.

Session expired

The server has moved on; the page needs a fresh start.